[Event "Team 45 45 League T52"]
[Site "Internet Chess Club"]
[Date "2012.04.06"]
[Round "8"]
[White "chiiwen"]
[Black "gareth"]
[Result "1/2-1/2"]
[WhiteElo "2229"]
[BlackElo "2149"]
[Opening "French: Tarrasch, closed variation, main line"]
[ECO "C06"]
[Time "22:35:36"]
[TimeControl "2700+45"]

1. e4 e6 2. d4 d5 3. Nd2 Nf6 4. e5 Nfd7 5. c3 c5 6. Bd3 Nc6 7. Ne2 cxd4 8. cxd4
Qb6 9. Nf3 f6 10. exf6 Nxf6 11. O-O Bd6 12. b3 e5 13. dxe5 Nxe5 14. Nxe5 Bxe5
15. Rb1 O-O 16. h3 Ne4 17. Bxe4 dxe4 18. Qd5+ Qe6 19. Qxe6+ Bxe6 20. Bb2 Bd6 21.
Rbd1 Bc5 22. Bd4 Bb4 23. Bc3 Bc5 24. Bd4 Bb4 25. Bc3 Bc5 26. Bd4 {Game drawn by
repetition} 1/2-1/2

[Event "Team 45 45 League T52"]
[Site "Internet Chess Club"]
[Date "2012.04.10"]
[Round "8"]
[White "jefferyx"]
[Black "VillaBallester"]
[Result "0-1"]
[WhiteElo "2086"]
[BlackElo "2105"]
[Opening "Sicilian: Najdorf, 7...Be7 main line"]
[ECO "B99"]
[Time "17:00:26"]
[TimeControl "2700+45"]

1. e4 c5 2. Nf3 d6 3. d4 cxd4 4. Nxd4 Nf6 5. Nc3 a6 6. Bg5 e6 7. f4 Be7 8. Qf3
Qc7 9. O-O-O Nbd7 10. Bd3 h6 11. Qh3 Nc5 12. Rhe1 Rg8 13. e5 dxe5 14. fxe5 hxg5
15. exf6 gxf6 16. Qh7 Qf4+ 17. Kb1 Kf8 18. Qh6+ Rg7 19. Qh8+ Rg8 20. Qh6+ Rg7
21. Nf5 exf5 22. Qh8+ Rg8 23. Qh6+ Rg7 24. Qh8+ Rg8 25. Qh6+ Rg7 26. Rxe7 Be6
27. Rxe6 Nxe6 28. Qh8+ Rg8 29. Qh6+ Rg7 30. Qh8+ Rg8 31. Qh6+ Rg7 32. Nd5 Qd4
33. Be2 Qe5 34. Nxf6 Qxe2 35. Nh7+ Ke7 36. Rg1 Rg6 37. Qh3 Rd8 38. Qa3+ Ke8
{White resigns} 0-1

[Event "Team 45 45 League T52"]
[Site "Internet Chess Club"]
[Date "2012.04.06"]
[Round "8"]
[White "MarioFrank"]
[Black "martineden"]
[Result "0-1"]
[WhiteElo "2009"]
[BlackElo "1977"]
[Opening "KGA: Kieseritsky, Salvio (Rosenthal) defense"]
[ECO "C39"]
[Time "10:00:05"]
[TimeControl "2700+45"]

1. e4 e5 2. f4 exf4 3. Nf3 g5 4. h4 g4 5. Ne5 Qe7 6. d4 d6 7. Nxg4 Qxe4+ 8. Qe2
f5 9. Nf2 Qxe2+ 10. Bxe2 Nc6 11. c3 Nf6 12. Bxf4 Be6 13. Bf3 Nd5 14. Bd2 O-O-O
15. Na3 Bg7 16. O-O-O Nf6 17. Kb1 Rde8 18. Nc2 Bd5 19. Bxd5 Nxd5 20. Rde1 Kd7
21. Nh3 Bf6 22. Nf4 Nxf4 23. Bxf4 Rxe1+ 24. Nxe1 Re8 25. Nc2 Re2 26. g3 Ne7 27.
Rf1 h5 28. Kc1 Nd5 29. Bd2 Ke6 30. Kd1 Rg2 31. Rf3 b5 32. Ne1 Rh2 33. Nd3 Rh1+
34. Be1 Bg7 35. Nf4+ Nxf4 36. Rxf4 Bh6 37. Rf2 f4 38. gxf4 Kf5 39. Ke2 Rxh4 40.
Rg2 Rxf4 41. Rg8 h4 42. Bd2 Re4+ 43. Kd3 Re6 44. Bxh6 Rxh6 45. Ke3 h3 46. Rg1 h2
47. Rh1 Kg4 48. Kf2 Kh3 49. Rd1 Rf6+ 50. Ke3 Kg2 {White resigns} 0-1

[Event "Team 45 45 League T52"]
[Site "Internet Chess Club"]
[Date "2012.04.10"]
[Round "8"]
[White "sibirica"]
[Black "gsvc"]
[Result "0-1"]
[WhiteElo "2397"]
[BlackElo "2400"]
[Opening "Sicilian: Najdorf, Adams attack"]
[ECO "B90"]
[Time "19:00:12"]
[TimeControl "2700+45"]

1. e4 c5 2. Nf3 d6 3. d4 cxd4 4. Nxd4 Nf6 5. Nc3 a6 6. h3 e5 7. Nde2 h5 8. Bg5
Be6 9. Bxf6 Qxf6 10. Nd5 Qd8 11. Nec3 Nc6 12. Bc4 g6 13. Ne3 Bh6 14. Bxe6 fxe6
15. O-O Rc8 16. Qd3 O-O 17. Ne2 Qc7 18. c3 Rcd8 19. Rad1 Kg7 20. b4 Ne7 21. c4
Nc8 22. Rc1 Nb6 23. Rfd1 Qf7 24. f3 Qc7 25. Kf2 Na4 26. Qb3 Qc6 27. Ng3 a5 28.
c5 axb4 29. cxd6 Nc3 30. Qxb4 Bxe3+ 31. Kxe3 Nxd1+ 32. Rxd1 Rd7 33. Qa5 b5 34.
a4 Rxd6 35. Rxd6 Qxd6 36. axb5 Qd4+ 37. Ke2 Qg1 38. Qc7+ Kh6 39. Qxe5 Qxg2+ 40.
Ke1 Qxf3 41. Qd6 Qe3+ 42. Kd1 Ra8 {White resigns} 0-1

[Event "Team 45 45 League T52"]
[Site "Internet Chess Club"]
[Date "2012.04.07"]
[Round "8"]
[White "BlazekaMatej"]
[Black "zeigmata"]
[Result "1-0"]
[WhiteElo "2190"]
[BlackElo "2228"]
[Opening "French: Tarrasch, closed variation"]
[ECO "C05"]
[Time "16:19:58"]
[TimeControl "2700+45"]

1. e4 e6 2. d4 d5 3. Nd2 Nf6 4. Bd3 c5 5. exd5 Qxd5 6. Ngf3 cxd4 7. Bc4 Qd6 8.
O-O Nc6 9. Nb3 Be7 10. Nbxd4 Nxd4 11. Qxd4 Qxd4 12. Nxd4 a6 13. a4 Bc5 14. Nb3
Bd6 15. Rd1 Ke7 16. Be3 Bd7 17. Be2 Rhc8 18. c4 Bb4 19. a5 Bc6 20. Bc5+ Bxc5 21.
Nxc5 Ne4 22. Nxe4 Bxe4 23. Rd4 f5 24. Rad1 Rd8 25. Rxd8 Rxd8 26. Rxd8 Kxd8 27.
f3 Bc6 28. Kf2 Ke7 29. Ke3 e5 30. b4 Kd6 31. g3 g5 32. f4 h6 33. b5 Bd7 34. bxa6
bxa6 35. c5+ Kxc5 36. fxe5 Kd5 37. Bxa6 Bc6 38. Be2 Kxe5 39. a6 f4+ 40. gxf4+
gxf4+ 41. Kf2 Kd6 42. Bf3 Kc7 43. Bxc6 Kxc6 44. Kf3 Kb6 45. Kxf4 Kxa6 46. Kg4
Kb6 47. Kh5 Kc6 48. Kxh6 Kd6 49. h4 {Black resigns} 1-0

[Event "Team 45 45 League T52"]
[Site "Internet Chess Club"]
[Date "2012.04.08"]
[Round "8"]
[White "qlwqznzn"]
[Black "Killian"]
[Result "1-0"]
[WhiteElo "2363"]
[BlackElo "2041"]
[Opening "Sicilian: Sveshnikov variation"]
[ECO "B33"]
[Time "03:00:19"]
[TimeControl "2700+45"]

1. e4 c5 2. Nf3 Nc6 3. d4 cxd4 4. Nxd4 Nf6 5. Nc3 e5 6. Ndb5 d6 7. Bg5 a6 8. Na3
b5 9. Bxf6 gxf6 10. Nd5 f5 11. Bd3 Be6 12. Qh5 Rg8 13. O-O f4 14. Nxb5 axb5 15.
Bxb5 Rc8 16. h3 Rg5 17. Qf3 Bd7 18. c3 Rg6 19. a4 Rb8 20. b4 Qh4 21. Kh2 h5 22.
Rfb1 Rc8 23. Rb2 Bg4 24. Qd3 f3 25. Rg1 Bxh3 26. g3 Qg4 27. Ne3 Qd7 28. Bxc6
Rxc6 29. b5 Rc8 30. b6 Bh6 31. Nf5 Bxf5 32. exf5 Rg4 33. a5 h4 34. Qxf3 hxg3+
35. fxg3 Ra4 36. b7 Rb8 37. Qd5 Qc7 38. Qb5+ Qd7 39. Qb6 Qxf5 40. Qxd6 Rh4+ 41.
gxh4 Qf4+ 42. Rg3 Qxh4+ 43. Kg2 Qe4+ 44. Kf2 Qf4+ 45. Ke2 Qe4+ 46. Kf1 Qh1+ 47.
Rg1 Qh3+ 48. Rbg2 Qf3+ 49. Rf2 Qh3+ 50. Rgg2 Qh1+ 51. Ke2 Qh5+ 52. Rf3 {Black
resigns} 1-0

[Event "Team 45 45 League T52"]
[Site "Internet Chess Club"]
[Date "2012.04.07"]
[Round "8"]
[White "parpin"]
[Black "vnchess"]
[Result "1-0"]
[WhiteElo "2100"]
[BlackElo "2069"]
[Opening "Sicilian: accelerated fianchetto, modern variation with Bc4"]
[ECO "B35"]
[Time "13:01:34"]
[TimeControl "2700+45"]

1. e4 c5 2. Nf3 g6 3. d4 cxd4 4. Nxd4 Nc6 5. Be3 Nf6 6. Nc3 Bg7 7. Bc4 O-O 8.
Bb3 a5 9. f3 d5 10. exd5 Nb4 11. Nde2 a4 12. Bc4 b5 13. Bxb5 Nfxd5 14. Bd2 Bf5
15. Rc1 Nxc3 16. bxc3 Nxa2 17. Ra1 Qa5 18. c4 Nc3 19. Nxc3 Bxc3 20. Rxa4 Qb6 21.
Bxc3 Qe3+ 22. Qe2 Qxc3+ 23. Qd2 Qe5+ 24. Qe2 Qc5 25. Qf2 Qe5+ 26. Qe2 Qd4 27.
Qd2 Qh4+ 28. Qf2 Qf4 29. O-O Rxa4 30. Bxa4 Qxc4 31. Bb3 Qc3 32. Qe1 Qc5+ 33. Qf2
Qc3 34. Qe2 Qc5+ 35. Kh1 Rd8 36. Re1 Kf8 37. g4 Bc8 38. Qe3 Qd6 39. c4 Bb7 40.
Rd1 Qc7 41. Rxd8+ Qxd8 42. c5 Qd7 43. h3 Qb5 44. Kg2 Qb4 45. Bc2 Qb2 46. Qb3 Qc1
47. Qc3 f6 48. c6 Ba6 49. h4 h6 50. Qc5 Qf1+ 51. Kg3 Qe1+ 52. Qf2 Qe5+ 53. Kh3
Qd6 54. Bxg6 Qxc6 55. Qe3 Kg7 56. Qxe7+ Kxg6 57. h5+ Kg5 58. Qe3# {Black
checkmated} 1-0

[Event "Team 45 45 League T52"]
[Site "Internet Chess Club"]
[Date "2012.04.07"]
[Round "8"]
[White "doublepar"]
[Black "tryanything"]
[Result "1/2-1/2"]
[WhiteElo "1605"]
[BlackElo "1525"]
[Opening "Ruy Lopez: open (Tarrasch) defense"]
[ECO "C80"]
[Time "16:11:51"]
[TimeControl "2700+45"]

1. e4 e5 2. Nf3 Nc6 3. Bb5 a6 4. Ba4 Nf6 5. O-O Nxe4 6. Re1 Nc5 7. Bxc6 dxc6 8.
Nxe5 Be7 9. d4 Ne6 10. Be3 O-O 11. Nc3 Bg5 12. Bxg5 Qxg5 13. Ne4 Qd8 14. c3 Ng5
15. Ng3 f6 16. Nd3 Re8 17. Qd2 Be6 18. Nc5 b6 19. Nxe6 Rxe6 20. Rxe6 Nxe6 21.
Re1 Qd7 22. Qc2 Re8 23. Qb3 Kf8 24. Qc4 a5 25. Nf5 Qd5 26. Qxd5 {Game drawn by
mutual agreement} 1/2-1/2

[Event "Team 45 45 League T52"]
[Site "Internet Chess Club"]
[Date "2012.04.08"]
[Round "8"]
[White "nanning"]
[Black "radiohead"]
[Result "1/2-1/2"]
[WhiteElo "1582"]
[BlackElo "1430"]
[Opening "QGD Slav: 4.e3"]
[ECO "D11"]
[Time "07:27:37"]
[TimeControl "2700+45"]

1. d4 d5 2. c4 c6 3. Nf3 Nf6 4. e3 e6 5. Bd3 dxc4 6. Bxc4 b5 7. Bd3 Be7 8. Qc2
Bb7 9. O-O h6 10. Ne5 a6 11. Nd2 Qc7 12. b3 Nbd7 13. Ndf3 Rc8 14. Bb2 c5 15.
Rac1 Nd5 16. Nxd7 Qxd7 17. Qb1 Nf6 18. Rfd1 Bxf3 19. gxf3 Qb7 20. Be4 Nxe4 21.
Qxe4 Qxe4 22. fxe4 O-O 23. Kg2 g5 24. Kf3 Kh7 25. dxc5 Bxc5 26. Rd7 Kg6 27. a3
Bb6 28. Rcd1 Rcd8 29. a4 bxa4 30. bxa4 a5 31. Ba3 Rxd7 32. Rxd7 Rc8 33. Rb7
{Game drawn by mutual agreement} 1/2-1/2

[Event "Team 45 45 League T52"]
[Site "Internet Chess Club"]
[Date "2012.04.08"]
[Round "8"]
[White "maliboum"]
[Black "JohLeb"]
[Result "0-1"]
[WhiteElo "1361"]
[BlackElo "1416"]
[Opening "Sicilian: Smith-Morra gambit"]
[ECO "B21"]
[Time "13:00:15"]
[TimeControl "2700+45"]

1. e4 c5 2. d4 cxd4 3. c3 dxc3 4. Nxc3 Nc6 5. Nf3 d6 6. Bc4 e6 7. O-O Nf6 8. Bg5
Be7 9. Re1 Nd7 10. Bxe7 Qxe7 11. Nb5 O-O 12. Qxd6 Qxd6 13. Nxd6 Nb6 14. Be2 e5
15. Rac1 Rb8 16. Nxc8 Rbxc8 17. Red1 Rfd8 18. Rxd8+ Rxd8 19. Kf1 f6 20. Ke1 Kf7
21. b3 Ke7 22. Bb5 Rd6 23. Bxc6 Rxc6 24. Rxc6 bxc6 25. Nd2 Kd6 26. Ke2 Kc5 27.
a3 Kd4 28. h4 h5 29. f3 g6 30. g3 Nd7 31. f4 Nc5 32. fxe5 fxe5 33. Kf3 a6 34. b4
Nd7 35. Nb3+ Kc4 36. Nc1 c5 37. bxc5 Nxc5 38. Ke3 a5 39. a4 Kc3 40. Ke2 Kc2 41.
Na2 Kb2 42. Kd2 Kxa2 43. Kc3 Ka3 44. Kc4 Nxe4 45. Kd5 Nxg3 46. Kxe5 Kxa4 47. Kf6
Kb3 48. Kxg6 a4 {White resigns} 0-1

[Event "Team 45 45 League T52"]
[Site "Internet Chess Club"]
[Date "2012.04.09"]
[Round "8"]
[White "theartist"]
[Black "IanT"]
[Result "0-1"]
[WhiteElo "1213"]
[BlackElo "1498"]
[Opening "QGD: Ragozin variation"]
[ECO "D38"]
[Time "20:09:20"]
[TimeControl "2700+45"]

1. d4 Nf6 2. c4 e6 3. Nf3 d5 4. Nc3 Bb4 5. Bg5 O-O 6. e3 Nbd7 7. cxd5 exd5 8.
Bd3 Nb6 9. O-O Bg4 10. h3 Bh5 11. a3 Bxc3 12. bxc3 h6 13. Bxf6 Qxf6 14. g4 Bg6
15. Bxg6 fxg6 16. Kg2 h5 17. Nd2 Qe7 18. Qe2 Nc4 19. Nxc4 dxc4 20. Qxc4+ Kh8 21.
Qb4 Qe4+ 22. f3 Qxe3 23. Rae1 Qd2+ 24. Kg1 hxg4 25. hxg4 b6 26. Re7 Rac8 27. Re4
Qd3 28. Kg2 Rfe8 29. Rxe8+ Rxe8 30. Rf2 a5 31. Qb2 Re3 32. Qc1 Qxc3 33. Qxc3
Rxc3 34. Re2 Rxa3 35. Re8+ Kh7 36. Re7 c5 37. Rb7 c4 38. Rxb6 c3 39. Rc6 Ra2+
40. Kg3 c2 41. d5 Kg8 42. d6 Kf7 43. Rc7+ Ke8 44. g5 a4 45. f4 a3 46. Rc3 Rb2
47. Rc7 a2 48. Re7+ Kd8 49. Re1 Rb1 {White resigns} 0-1

[Event "Team 45 45 League T52"]
[Site "Internet Chess Club"]
[Date "2012.04.06"]
[Round "8"]
[White "mongmong"]
[Black "moomaster"]
[Result "1/2-1/2"]
[WhiteElo "1663"]
[BlackElo "1642"]
[Opening "Queen's pawn game"]
[ECO "D04"]
[Time "19:00:07"]
[TimeControl "2700+45"]

1. d4 d5 2. Nf3 Nf6 3. e3 c5 4. c3 Qb6 5. Bd3 Nc6 6. Nbd2 g6 7. O-O Bg7 8. Qe2
O-O 9. dxc5 Qxc5 10. e4 dxe4 11. Nxe4 Nxe4 12. Bxe4 Bg4 13. h3 Be6 14. Be3 Qd6
15. Rad1 Qc7 16. c4 Rfd8 17. b3 Ne5 18. Nxe5 Qxe5 19. Bxb7 Rab8 20. Bf3 a6 21.
Ba7 Qxe2 22. Bxe2 Rbc8 23. c5 Bf6 24. Bb6 Rd4 25. Bxa6 Ra8 26. Rxd4 Bxd4 27. Bb7
Rxa2 28. b4 Bc4 29. Rd1 Bxf2+ 30. Kh1 Be6 31. Ba5 Bg3 32. c6 Rc2 33. Bb6 Bd6 34.
b5 h5 35. Bg1 Kh7 36. b6 Rb2 37. c7 Bxc7 38. bxc7 Rxb7 39. Rc1 Bc8 40. Bh2 Kg7
41. Ra1 Be6 42. Bg3 Bf5 43. Rc1 Bc8 44. Rd1 Bf5 45. Rc1 Bc8 46. Kh2 f6 47. Rd1
e5 48. Rc1 Kf7 49. Be1 Ke6 50. Bd2 Kd7 {Game drawn by mutual agreement} 1/2-1/2

[Event "Team 45 45 League T52"]
[Site "Internet Chess Club"]
[Date "2012.04.08"]
[Round "8"]
[White "Tjet"]
[Black "oldsj"]
[Result "1/2-1/2"]
[WhiteElo "1499"]
[BlackElo "1555"]
[Opening "King's Indian: fianchetto, Yugoslav system"]
[ECO "E64"]
[Time "16:11:05"]
[TimeControl "2700+45"]

1. c4 Nf6 2. g3 g6 3. Bg2 Bg7 4. Nc3 d6 5. d4 O-O 6. Nf3 c5 7. dxc5 dxc5 8. Qxd8
Rxd8 9. O-O Nc6 10. Be3 Nd7 11. Rac1 b6 12. Rfd1 Bb7 13. Ne1 Nde5 14. Rxd8+ Rxd8
15. b3 Ng4 16. Nd3 Nxe3 17. fxe3 Rd7 18. Nd5 e5 19. Bh3 Rd8 20. Rf1 e4 21. N3f4
f5 22. Ne6 Rd7 23. Nxg7 Rxg7 24. Rd1 Kf7 25. g4 Ne5 26. gxf5 gxf5+ 27. Kf2 Ng4+
28. Bxg4 fxg4 29. Nf4 Ke7 30. Kg3 Bc8 {Game drawn by mutual agreement} 1/2-1/2

[Event "Team 45 45 League T52"]
[Site "Internet Chess Club"]
[Date "2012.04.09"]
[Round "8"]
[White "stanbeers"]
[Black "dpmdpm"]
[Result "0-1"]
[WhiteElo "1433"]
[BlackElo "1541"]
[Opening "King's Indian defense, 3.Nc3"]
[ECO "E61"]
[Time "16:02:40"]
[TimeControl "2700+45"]

1. d4 Nf6 2. c4 g6 3. Nc3 Bg7 4. Nf3 d6 5. Bf4 O-O 6. g3 Nbd7 7. Qc2 Re8 8. d5
c6 9. e4 cxd5 10. cxd5 Nh5 11. Bg5 h6 12. Be3 Ne5 13. Nd4 Bg4 14. Be2 Bxe2 15.
Qxe2 a6 16. f4 Nd7 17. g4 Nhf6 18. f5 Nc5 19. fxg6 fxg6 20. Ne6 Nxe6 21. dxe6
Qa5 22. Bd2 Qe5 23. h4 Qg3+ 24. Kd1 Qxg4 25. Qxg4 Nxg4 26. Ke2 Bxc3 27. Bxc3 h5
28. Raf1 Rf8 29. a3 Rxf1 30. Rxf1 Rf8 31. Rxf8+ Kxf8 32. Kf3 Ne5+ 33. Kf4 Kg7
34. Bxe5+ dxe5+ 35. Kxe5 g5 36. hxg5 h4 37. Kf4 h3 38. Kg3 Kg6 39. Kxh3 Kxg5 40.
Kg3 Kf6 41. Kf4 Kxe6 42. e5 Kd5 43. Kf5 e6+ 44. Kf6 a5 45. b4 a4 46. b5 b6 47.
Ke7 Kxe5 48. Kd7 Kd5 49. Kc7 Kc5 {White resigns} 0-1

[Event "Team 45 45 League T52"]
[Site "Internet Chess Club"]
[Date "2012.04.07"]
[Round "8"]
[White "monkhammer"]
[Black "Fogbound"]
[Result "1-0"]
[WhiteElo "1418"]
[BlackElo "1263"]
[Opening "Caro-Kann defense"]
[ECO "B15"]
[Time "10:02:45"]
[TimeControl "2700+45"]

1. e4 c6 2. d4 d5 3. Nc3 e6 4. Nf3 Bb4 5. e5 h6 6. a3 Bf8 7. Bd3 Ne7 8. O-O b6
9. Be3 Ba6 10. b4 Bxd3 11. Qxd3 a6 12. Rac1 Nf5 13. h3 Be7 14. Ne2 Ra7 15. Ng3
Nh4 16. Nxh4 Bxh4 17. c4 Rc7 18. cxd5 Qxd5 19. Ne4 Be7 20. f4 f5 21. Nf2 Rg8 22.
g4 g6 23. Kh2 Bh4 24. gxf5 Qf3 25. Ne4 Qh5 26. fxe6 Be7 27. Nf6+ Bxf6 28. exf6
Qf5 29. Qxf5 gxf5 30. f7+ Rxf7 31. exf7+ Kxf7 32. Rg1 Re8 33. Rge1 Ke6 34. Bf2+
Kd7 35. Rxe8 Kxe8 36. Re1+ Kd7 37. Re5 c5 38. dxc5 b5 39. Rxf5 Nc6 40. Rf6 a5
41. bxa5 Nxa5 42. Rxh6 Nc4 43. c6+ Kc7 44. Bc5 Na5 45. f5 Nxc6 46. f6 Ne5 47. f7
Nxf7 48. Rh7 Kc6 49. Rxf7 Kxc5 50. Rf4 Kd5 51. h4 Ke5 52. Rb4 Kf5 53. Rxb5+ Kg4
54. h5 {Black resigns} 1-0

[Event "Team 45 45 League T52"]
[Site "Internet Chess Club"]
[Date "2012.04.08"]
[Round "8"]
[White "pudge"]
[Black "Salvatore"]
[Result "1-0"]
[WhiteElo "1603"]
[BlackElo "1520"]
[Opening "Sicilian: Hungarian variation"]
[ECO "B27"]
[Time "13:09:05"]
[TimeControl "2700+45"]

1. e4 c5 2. Nf3 g6 3. c3 Bg7 4. Bc4 e6 5. d4 cxd4 6. cxd4 d5 7. Bb5+ Bd7 8.
Bxd7+ Nxd7 9. exd5 exd5 10. O-O Ne7 11. Nc3 O-O 12. Re1 Nb6 13. Bf4 a6 14. b3
Rc8 15. Rc1 Nf5 16. Ne2 f6 17. Qd3 Re8 18. g4 Nd6 19. Ng3 Rxc1 20. Rxc1 Ne4 21.
Nd2 f5 22. gxf5 Qh4 23. Ndxe4 Qxf4 24. Nd2 Bxd4 25. Rf1 g5 26. Nf3 Bf6 27. Kg2
g4 28. Nd2 Be5 29. Re1 h5 30. f6 Kh8 31. Qg6 Qxf6 32. Qxh5+ Kg7 33. Qxe8 Bd6 34.
Nh5+ {Black resigns} 1-0

[Event "Team 45 45 League T52"]
[Site "Internet Chess Club"]
[Date "2012.04.08"]
[Round "8"]
[White "Lee-D"]
[Black "spongenotbob"]
[Result "0-1"]
[WhiteElo "1493"]
[BlackElo "1756"]
[Opening "Réti: King's Indian attack (Barcza system)"]
[ECO "A07"]
[Time "21:00:07"]
[TimeControl "2700+45"]

1. Nf3 d5 2. g3 c6 3. Bg2 Nf6 4. O-O Bf5 5. d3 e6 6. Bf4 Bd6 7. Bxd6 Qxd6 8. Nh4
Bg6 9. Nd2 Nbd7 10. Re1 O-O-O 11. e4 dxe4 12. Nxg6 hxg6 13. Nxe4 Nxe4 14. Bxe4
Nf6 15. Bg2 Qd4 16. Rb1 Ng4 17. Qd2 Nxh2 18. Re4 Qd5 19. a4 Qh5 20. Rh4 Nf3+ 21.
Bxf3 Qxf3 22. Qf4 Qxf4 23. Rxf4 f6 24. b4 Rh5 25. Rh4 Rxh4 26. gxh4 Rd4 27. Kg2
Rxh4 28. c4 Rd4 29. Rd1 Kd7 30. f3 e5 31. Kf2 Ke6 32. Ke3 Rh4 33. d4 exd4+ 34.
Rxd4 Rxd4 35. Kxd4 f5 36. f4 b6 37. c5 bxc5+ 38. Kxc5 g5 39. Kxc6 gxf4 40. Kb7
f3 41. Kxa7 f2 42. b5 f1=Q 43. b6 Qc4 44. a5 Qc8 45. a6 f4 46. b7 Qc7 47. Ka8 f3
48. a7 f2 49. b8=Q Qc6+ 50. Qb7 Qxb7+ 51. Kxb7 f1=Q 52. a8=Q Qg2+ 53. Ka7 Qxa8+
54. Kxa8 g5 {White resigns} 0-1

[Event "Team 45 45 League T52"]
[Site "Internet Chess Club"]
[Date "2012.04.09"]
[Round "8"]
[White "medsurg"]
[Black "milesotoole"]
[Result "0-1"]
[WhiteElo "1420"]
[BlackElo "1595"]
[Opening "Sicilian: dragon, Yugoslav attack, Rauser variation"]
[ECO "B76"]
[Time "21:12:56"]
[TimeControl "2700+45"]

1. e4 c5 2. Nf3 d6 3. d4 cxd4 4. Nxd4 Nf6 5. Nc3 g6 6. Be3 Bg7 7. f3 O-O 8. Qd2
Nc6 9. O-O-O d5 10. Kb1 Nxd4 11. e5 Nf5 12. exf6 Bxf6 13. Nxd5 Qxd5 14. Qxd5
Nxe3 15. Qd2 Nxd1 16. Qxd1 Be6 17. Bb5 a6 18. Ba4 b5 19. Bb3 Bxb3 20. axb3 a5
21. Qe2 a4 22. Ka2 axb3+ 23. Kxb3 Rfd8 24. Rd1 Rdb8 25. Rd5 Rb6 26. Rxb5 Re6 27.
Qf2 Ra1 28. Rb4 Rae1 29. Re4 R1xe4 30. fxe4 Rxe4 31. c3 Re6 32. h4 Rd6 33. g4 h6
34. h5 gxh5 35. gxh5 Rd5 36. Qf3 Rb5+ 37. Kc2 Rc5 38. Qe2 Ra5 39. Kb3 Re5 40.
Qf3 Rb5+ 41. Kc2 Rc5 42. Qe2 Ra5 43. Kb1 Re5 44. Qg4+ Rg5 45. Qc8+ Kg7 46. c4
Rg1+ 47. Ka2 Rg2 48. Ka3 Rxb2 49. Qg4+ Kf8 50. Qc8+ Kg7 51. Qg4+ Kh8 52. c5 Rc2
53. c6 Rxc6 54. Qd7 Rc5 55. Qg4 Rg5 56. Qc4 Kg7 57. Qe2 e6 58. Kb3 Kf8 59. Qf3
Be5 60. Qa8+ Kg7 61. Qh1 f5 62. Qb7+ Kf6 63. Qc8 Bd6 64. Qh8+ Kf7 65. Qxh6 Rg3+
66. Kc2 Rh3 67. Qg6+ Ke7 68. h6 Be5 69. h7 f4 70. Qg5+ Kd6 71. Qd8+ Kc6 72. Qe8+
Kd6 73. Qd8+ Kc6 74. Qd5+ exd5 {White resigns} 0-1

[Event "Team 45 45 League T52"]
[Site "Internet Chess Club"]
[Date "2012.04.04"]
[Round "8"]
[White "Iowa-Archer"]
[Black "mattphelps"]
[Result "0-1"]
[WhiteElo "1338"]
[BlackElo "1484"]
[Opening "Caro-Kann defense"]
[ECO "B10"]
[Time "19:31:03"]
[TimeControl "2700+45"]

1. e4 c6 2. Nf3 d5 3. exd5 cxd5 4. d4 Nc6 5. c4 e6 6. Nc3 Nf6 7. Bd3 Be7 8. Bf4
O-O 9. O-O Bd6 10. Bxd6 Qxd6 11. c5 Qf4 12. Ne2 Qc7 13. Qc2 Nb4 14. Qb3 Nxd3 15.
Qxd3 b6 16. cxb6 Qxb6 17. Ng3 Ba6 18. Qc2 Bxf1 19. Kxf1 Rfc8 20. Qd2 Rc7 21. Rc1
Rac8 22. Rxc7 Qxc7 23. Ne1 Qc1 24. Qa5 Qc4+ 25. Ne2 Ng4 26. Nf3 Qc2 27. Ke1 Qb1+
28. Kd2 Qxb2+ 29. Kd3 Qc2# {White checkmated} 0-1

[Event "Team 45 45 League T52"]
[Site "Internet Chess Club"]
[Date "2012.04.05"]
[Round "8"]
[White "jjaillet2007"]
[Black "PANAMA-REY"]
[Result "1-0"]
[WhiteElo "1325"]
[BlackElo "1399"]
[Opening "QGD Slav defense"]
[ECO "D13"]
[Time "20:00:12"]
[TimeControl "2700+45"]

1. d4 d5 2. c4 c6 3. Nc3 Nf6 4. cxd5 cxd5 5. Nf3 Nc6 6. Bf4 a6 7. e3 Bg4 8. h3
Bf5 9. Nh4 Bd7 10. Bd3 h6 11. Nf3 e6 12. a3 Be7 13. O-O O-O 14. Re1 Re8 15. e4
Nh7 16. Rc1 dxe4 17. Bxe4 Ng5 18. Bb1 Nxf3+ 19. Qxf3 Nxd4 20. Qe4 Nf5 21. Ne2
Bg5 22. Bxg5 Qxg5 23. Qxb7 Bb5 24. Qf3 Nh4 25. Qg3 Qf6 26. Nc3 Bd7 27. Ne4 Qe7
28. Rc7 Rac8 29. Rec1 Nf5 30. Qf4 Nd4 31. Qe3 e5 32. Rxc8 Rxc8 33. Rxc8+ Bxc8
34. Ng3 f5 35. f4 exf4 36. Qxe7 fxg3 37. Qe8+ {Black resigns} 1-0

[Event "Team 45 45 League T52"]
[Site "Internet Chess Club"]
[Date "2012.04.08"]
[Round "8"]
[White "sockmonkey"]
[Black "arconia"]
[Result "1/2-1/2"]
[WhiteElo "1401"]
[BlackElo "1305"]
[Opening "Queen's pawn: Torre attack"]
[ECO "A46"]
[Time "09:00:14"]
[TimeControl "2700+45"]

1. d4 Nf6 2. Nf3 e6 3. Bg5 Be7 4. Nbd2 d5 5. e3 O-O 6. Bd3 c5 7. c3 Nc6 8. O-O
c4 9. Bc2 b5 10. Ne5 Nxe5 11. dxe5 Nd7 12. Bxe7 Qxe7 13. f4 Bb7 14. Qh5 f5 15.
Rf3 b4 16. Rh3 g6 17. Qh6 Qg7 18. Nf3 Qxh6 19. Rxh6 Kg7 20. Rh3 a5 21. Ng5 Rh8
22. Nxe6+ Kf7 23. Nd4 Nc5 24. Nb5 Ke7 25. Nd6 Rag8 26. cxb4 axb4 27. Rd1 Ke6 28.
Rd4 Ba6 29. b3 Ne4 30. Nxe4 fxe4 31. bxc4 Bxc4 32. Bb3 Rc8 33. Rd2 Bxb3 34. axb3
Rc1+ 35. Kf2 Rb1 36. Ra2 Rxb3 37. Ra6+ Kf5 38. Rf6+ Kg4 39. Rg3+ Kh4 40. Rd6
Rb2+ 41. Ke1 Rb1+ 42. Kd2 Rc8 43. Rh3+ Kg4 44. Rg3+ Kh4 45. Rh3+ Kg4 46. Rg3+
Kh4 47. Rh3+ Kg4 48. Rg3+ Kh4 {Game drawn by repetition} 1/2-1/2

[Event "Team 45 45 League T52"]
[Site "Internet Chess Club"]
[Date "2012.04.05"]
[Round "8"]
[White "RickDeckard"]
[Black "Docvan"]
[Result "0-1"]
[WhiteElo "1131"]
[BlackElo "1304"]
[Opening "French: Tarrasch, Guimard main line"]
[ECO "C04"]
[Time "20:00:32"]
[TimeControl "2700+45"]

1. d4 e6 2. e4 d5 3. Nd2 Nc6 4. Ngf3 Nf6 5. Bd3 Nb4 6. Bb5+ c6 7. Ba4 dxe4 8.
Ne5 Qxd4 9. c3 Qxe5 10. cxb4 Bxb4 11. O-O O-O 12. Rb1 Rd8 13. Re1 Qa5 14. Nxe4
{White resigns} 0-1